 Dungeon Crawl Stone Soup version 0.30-a0-879-ga8ba668304 (webtiles) character file.

Game seed: 5600671590554480614

84 BROtania the Chiller (level 4, -3/31 HPs)
             Began as a Merfolk Ice Elementalist on Mar 13, 2023.
             Killed from afar by Natasha (8 damage)
             ... with a magic dart
             ... on level 3 of the Dungeon.
             The game lasted 00:14:26 (1701 turns).

BROtania the Chiller (Merfolk Ice Elementalist)     Turns: 1701, Time: 00:14:35

Health: -3/31      AC:  3    Str:  8    XL:     4   Next: 46%
Magic:  1/8        EV: 13    Int: 16    God:
Gold:   66         SH:  0    Dex: 14    Spells: 7/8 levels left

rFire   . . .      SeeInvis .    c - +0 hand axe
rCold   . . .      Faith    .    (no shield)
rNeg    . . .      Spirit   .    a - +1 robe
rPois   .          Reflect  .    (no helmet)
rElec   .          Rampage  .    (no cloak)
rCorr   .                        (no gloves)
Will    .....                    (no boots)
Stlth   ++                       (no amulet)
HPRegen 0.25/turn                (no ring)
MPRegen 0.11/turn                (no ring)

@: slowed, very slow
A: (nimble swimmer 2), mertail
a: no special abilities


You were on level 3 of the Dungeon.
You visited 1 branch of the dungeon, and saw 3 of its levels.

You collected 66 gold pieces.

Inventory:

Hand Weapons
 c - a +0 hand axe (weapon)
Missiles
 o - 4 poisoned darts
Armour
 a - a +1 robe (worn)
Magical Staves
 p - a staff of earth
Scrolls
 d - a scroll of fog {unknown}
 e - a scroll of enchant armour
 g - a scroll of identify
 j - 2 scrolls of magic mapping {unknown}
 l - a scroll of vulnerability {unknown}
 m - a scroll of enchant weapon {unknown}
 n - a scroll of immolation {unknown}
Potions
 b - a potion of magic
 f - a potion of berserk rage {unknown}
 h - a potion of curing {unknown}
 i - a potion of haste {unknown}
 k - a potion of resistance {unknown}


   Skills:
 + Level 0.4 Fighting
 + Level 0.3 Axes
 + Level 3.2 Dodging
 + Level 2.3 Stealth
 + Level 2.8 Spellcasting
 + Level 5.4 Ice Magic


You had 7 spell levels left.
You knew the following spells:

 Your Spells              Type           Power      Damage    Failure   Level
a - Freeze                Ice            76%        1d8       1%          1

Your spell library contained the following spells:

 Spells                   Type           Power      Damage    Failure   Level
 Frozen Ramparts          Ice            38%        1d6       6%          3
 Ozocubu's Armour         Ice            19%        N/A       6%          3
 Summon Ice Beast         Ice/Summ       10%        N/A       52%         4


Dungeon Overview and Level Annotations

Branches:
Dungeon (3/15)

Altars:

Annotations:
D:3 Natasha


Innate Abilities, Weirdness & Mutations

((You are very nimble when in or above water. (Stealth+, EV+, Speed+++)))
Your lower body shifts to a powerful aquatic tail in water.


Message History

Aim: an orc, wielding a +0 short sword (grey smoke)
You freeze the orc!
You kill the orc!
The jackal closely misses you. Natasha claws you. The jackal misses you.
Natasha barely misses you.
Casting: Freeze (safe; 1% risk of failure)
Confirm with . or Enter, or press ? or * to list all spells.
Aiming: Freeze (safe; 1% risk of failure)
Press: ? - help, Shift-Dir - straight line, f - jackal
Aim: a jackal You freeze the jackal!
You kill the jackal!
Natasha claws you.
Natasha is nearby!
Natasha closely misses you. Natasha barely misses you.
You see here a jackal corpse.
Found a bubbling white potion.
Natasha casts a spell at you. The magic dart hits you.
Found a robe.
You see here a smoky cyan potion.
Unknown command.
Natasha closely misses you.
You see here a scroll of teleportation.
Natasha claws you but does no damage.
You see here a smoky cyan potion.
k - a smoky cyan potion Natasha claws you!
* * * LOW HITPOINT WARNING * * *
Natasha barely misses you.
Casting: Freeze (safe; 1% risk of failure)
Confirm with . or Enter, or press ? or * to list all spells.
Aiming: Freeze (safe; 1% risk of failure)
Press: ? - help, Shift-Dir - straight line, f - Natasha
Aim: Natasha You freeze Natasha.
Natasha is moderately wounded.
Natasha stares at you and mumbles some strange words.
The magic dart hits you!
You die...

#........#...............
###'##....#...............
#...##.####...............
#...##............. .....
#....#............
#....#............
#......)..........
#......†.........
#...._...@...##...
...........h?.......
#######.....##......
#....... ..... #........
.... #......... !..
........... .. ..[....###
. .......


You could see Natasha.

Vanquished Creatures
  2 adders (D:2)
  A worm (D:2)
  A dart slug (D:1)
  An orc (D:3)
  5 ball pythons
  4 bats
  7 endoplasms
  9 goblins
  6 hobgoblins
  4 jackals
  4 quokkas
  2 frilled lizards (D:1)
  3 kobolds
  6 rats
55 creatures vanquished.

Notes
Turn   | Place    | Note
-------+----------+-------------------------------------------
     0 | D:1      | BROtania the Merfolk Ice Elementalist began the quest for
                  | the Orb.
     0 | D:1      | Reached XP level 1. HP: 13/13 MP: 3/3
   239 | D:1      | Reached XP level 2. HP: 17/19 MP: 1/5
   323 | D:1      | Reached skill level 5 in Ice Magic
   369 | D:1      | Reached XP level 3. HP: 18/24 MP: 3/6
  1113 | D:2      | Reached XP level 4. HP: 27/30 MP: 4/7
  1677 | D:3      | Found a faded altar of an unknown god.
  1682 | D:3      | Noticed Natasha
  1701 | D:3      | Killed from afar by Natasha

Illustrated notes

Levels and vault maps discovered:
D:1:      minmay_arrival_doors, layout_rooms, serial_bayou_pond_d
D:2:      layout_basic, chequers_avenue
D:3:      layout_basic, basic_ecumenical_altar, uniq_natasha

Skill      XL: |  1  2  3 |
---------------+----------+-----
Ice Magic      | 5 |  5.4
Dodging        | 3 |  3.2
Fighting       | |  0.4
Axes           | |  0.3
Stealth        | |  2.3
Spellcasting   | |  2.8

Action                     |  1- 3 |  4- 6 || total
---------------------------+-------+-------++-------
  Melee: Unarmed           |    10 |       ||    10
         Hand axe          |    53 |     1 ||    54
   Cast: Freeze            |    39 |    31 ||    70
    Use: Scroll            |       |     3 ||     3
   Stab: Sleeping          |       |     1 ||     1
 Armour: Robe              |    21 |     8 ||    29
  Dodge: Dodged            |    65 |    22 ||    87

Table legend: (Time is in decaauts)
 A = Elapsed time spent in this place.
 B = Non-inter-level travel time spent in this place.
 C = Inter-level travel time spent in this place.
 D = Time resting spent in this place.
 E = Time spent auto-exploring this place.
 F = Levels seen in this place.
 G = Mean time per level.
                   A        B        C        D        E       F      G
               +--------+--------+--------+--------+--------+-----+--------+
         Total |   1721 |   1721 |      0 |     61 |    195 |   3 |  573.7 |
       Dungeon |   1721 |   1721 |      0 |     61 |    195 |   3 |  573.7 |
               +--------+--------+--------+--------+--------+-----+--------+

Top non-repeatable levels by time:
     D:2: 913 daAuts
     D:1: 687 daAuts
     D:3: 120 daAuts
